 Dungeon Crawl Stone Soup version 0.21.1-1-g345015f (webtiles) character file.

113 rlgrobin the Firebug (level 4, 0/30 HPs)
             Began as a Demonspawn Fire Elementalist on Feb 9, 2018.
             Slain by Sigmund
             ... wielding a +0 scythe
              (8 damage)
             ... on level 3 of the Dungeon.
             The game lasted 00:19:18 (3406 turns).

rlgrobin the Firebug (Demonspawn Fire Elementalist) Turns: 3406, Time: 00:19:19

Health: 0/30       AC:  2    Str: 12    XL:     4   Next: 65%
Magic:  2/8        EV: 15    Int: 17    God:
Gold:   140        SH:  0    Dex: 14    Spells: 2/8 levels left

rFire    . . .     SeeInvis .   (no weapon)
rCold    . . .     Gourm    .   (no shield)
rNeg     . . .     Faith    .   g - +0 robe
rPois    .         Spirit   .   (no helmet)
rElec    .         Reflect  .   (no cloak)
rCorr    .         Harm     .   (no gloves)
MR       .....                  (no boots)
Stlth    ++........             (no amulet)
HPRegen  0.10/turn              (no ring)
MPRegen  0.11/turn              d - +4 ring of strength

@: no status effects
A: repulsion field 1
a: no special abilities


You were on level 3 of the Dungeon.
You were very hungry.

You visited 1 branch of the dungeon, and saw 3 of its levels.

You collected 140 gold pieces.


Innate Abilities, Weirdness & Mutations

You are surrounded by a mild repulsion field. (EV +2)


   Skills:
 + Level 2.5 Dodging
 + Level 2.6 Stealth
 + Level 2.6 Spellcasting
 + Level 2.1 Conjurations
 + Level 3.2 Fire Magic


You had 2 spell levels left.
You knew the following spells:

 Your Spells              Type           Power        Failure   Level  Hunger
x - Throw Flame           Conj/Fire      ##....       9%          2    ##.....
z - Flame Tongue          Conj/Fire      ##...        6%          1    #......
Z - Conjure Flame         Conj/Fire      ##......     19%         3    ###....

Inventory:

Armour
 a - a +0 robe
 g - a +0 robe (worn)
Jewellery
 d - a +4 ring of strength (right hand)
Scrolls
 f - 2 scrolls of amnesia
Potions
 h - a potion of lignification {!q}
Books
 b - a book of Flames

   Spells                             Type                      Level
   a - Flame Tongue                   Conjuration/Fire             1
   b - Throw Flame                    Conjuration/Fire             2
   c - Conjure Flame                  Conjuration/Fire             3
   d - Inner Flame                    Hexes/Fire                   3
   e - Sticky Flame                   Conjuration/Fire             4
   f - Fireball                       Conjuration/Fire             5
Comestibles
 c - 2 rations

Dungeon Overview and Level Annotations

Branches:
Dungeon (3/15)

Altars:
Elyvilon
Ru
Uskayaw

Annotations:
D:3 Sigmund

▒ ▒.▒...▒▒.▒ ...........▒
▒ ▒.▒...▒▒.▒
▒▒▒▒▒▒.......▒▒▒▒▒
▒▒▒▒▒.....▒▒.▒
▒.................
...........(.▒
▒..........▒...▒▒▒
.▒▒▒▒▒..▒▒▒▒▒▒
▒.......▒.▒▒ ....▒
....▒▒..▒▒▒▒▒▒.▒.......▒.▒
.▒.▒
....▒▒▒>.......▒..@....▒.▒
▒ ▒ ....▒
▒▒▒...▒▒▒▒.......▒.▒ ....▒
▒.......6........▒ ....▒
▒...▒▒▒▒▒▒▒▒▒▒▒▒▒▒ ....▒
▒..... ▒▒▒▒▒ ▒...▒.▒


▒.)fffff ▒..f£££f▒ ▒▒.f£££f.▒ ▒.f£££f.. You could see Sigmund.


Message History

You're too confused to cast spells!
The floor!
Sigmund points at you and mumbles some strange words!
You resist with some effort!
You feel less confused! Sigmund misses you!
Sigmund's inner flame fades away!
Aiming: Throw Flame
Aim: Sigmund, wielding a scythe and wearing a robe (moderately wounded)
The puff of flame hits Sigmund!
Sigmund is moderately wounded!
You now have 2/8 mp!
Aiming: Flame Tongue
Aim: Sigmund, wielding a scythe and wearing a robe (moderately wounded)
The flame tongue misses Sigmund!
Sigmund hits you from afar with a scythe!
You take 4 damage, and have 16/30 hp!
Aiming: Flame Tongue
Aim: Sigmund, wielding a scythe and wearing a robe (moderately wounded)
The flame tongue hits Sigmund!
Sigmund is heavily wounded!
Sigmund barely misses you!
You now have 1/8 mp!
Sigmund completely misses you!
Your magical contamination has completely faded away!
Sigmund hits you from afar with a scythe!!! * * * don't die
* * * You take 8 damage, and have 8/30 hp!
MASSIVE DAMAGE!!!!!!
Sigmund hits you from afar with a scythe!!! rip

Action                   |  1- 3 |  4- 6 || total
-------------------------+-------+-------++-------
Melee: Unarmed           |    13 |     2 ||    15
 Cast: Flame Tongue      |    48 |    51 ||    99
       Throw Flame       |    24 |     2 ||    26
  Use: Scroll            |     3 |     3 ||     6
       Potion            |     2 |     1 ||     3
  Eat: Chunk             |     5 |     4 ||     9
Armor: Robe              |     9 |     3 ||    12
Dodge: Dodged            |    57 |    35 ||    92

Vault maps used:
D:1:      dpeg_arrival_lava_temple_mockup
D:2:      elyvilon_altar_5, gammafunk_temple_overflow_wave, uniq_sigmund
D:3:      minmay_gold_behind_fungi, uniq_crazy_yiuf_cottage, uniq_terence

Notes
Turn   | Place    | Note
-------+----------+-------------------------------------------
     0 | D:1      | rlgrobin the Demonspawn Fire Elementalist began the quest for the Orb.
     0 | D:1      | Reached XP level 1. HP: 13/13 MP: 3/3
   386 | D:1      | Reached skill level 2 in Stealth
   386 | D:1      | Gained mutation: You are surrounded by a mild repulsion field. (EV +2) [demonic ancestry]
   386 | D:1      | Reached XP level 2. HP: 15/19 MP: 0/5
   474 | D:1      | Learned a level 2 spell: Throw Flame
   480 | D:1      | Reached skill level 2 in Dodging
  1070 | D:1      | Reached XP level 3. HP: 24/24 MP: 3/6
  1168 | D:1      | Reached skill level 3 in Fire Magic
  1684 | D:2      | Noticed Sigmund
  2137 | D:2      | Found a sacrificial altar of Ru.
  2137 | D:2      | Found a hide-covered altar of Uskayaw.
  2245 | D:2      | Found a white marble altar of Elyvilon.
  2348 | D:3      | Reached XP level 4. HP: 26/30 MP: 1/7
  2582 | D:3      | Reached skill level 2 in Conjurations
  3324 | D:3      | Learned a level 3 spell: Conjure Flame
  3406 | D:3      | Slain by Sigmund

Vanquished Creatures
  4 adders
  A worm (D:3)
  3 dart slugs (D:1)
  A leopard gecko (D:3)
  4 orcs
  A ball python (D:3)
  7 bats
  2 giant cockroaches (D:1)
  11 goblins
  4 hobgoblins
  4 jackals (D:2)
  A quokka (D:3)
  2 frilled lizards (D:1)
  6 kobolds
  9 rats
60 creatures vanquished.
